[Event "2nd Irena Warakomska Memorial-B"]
[Site "Suwalki"]
[Date "2018.08.01"]
[Round "1"]
[White "Samborski, Henryk"]
[Black "Flis, Pawel"]
[Result "1-0"]
[ECO "E67"]
[WhiteElo "2098"]
[BlackElo "1905"]
[Annotator "NA"]
[PlyCount "87"]
[EventDate "2018.08.01"]
[EventType "swiss"]
[EventCountry "POL"]
[SourceTitle "playchess.com"]
[Source "ChessBase"]
[SourceQuality "1"]
[TimeControl "40/5400+30:1800+30"]

1. Nf3 Nf6 2. g3 g6 3. Bg2 Bg7 4. O-O O-O 5. c4 d6 6. d4 Nbd7 7. Nc3 e5 8. h3 c6 9. Be3 e4 10. Ne1 Re8 11. Rc1 Nf8 12. Qd2 h5 13. b4 Bf5 14. Nc2 Qd7 15. Kh2 b6 16. Bh6 Bh8 17. Ne3 Kh7 18. Nxf5 Qxf5 19. f3 exf3 20. Bxf3 Qd7 21. b5 cxb5 22. Bxa8 Rxa8 23. cxb5 Ne6 24. Be3 d5 25. Qd3 h4 26. g4 Qd6+ 27. Kh1 Kg8 28. Rf3 Re8 29. Rcf1 Ne4 30. Nxe4 dxe4 31. Qxe4 Nc7 32. Qc6 Qd5 33. Bf4 Qxc6 34. bxc6 Nd5 35. Be5 Bxe5 36. dxe5 Re7 37. a3 Nc7 38. Rd1 Kf8 39. Rd8+ Ne8 40. Rc3 Rc7 41. Rd7 a6 42. Kg2 b5 43. Rf3 Rxc6 44. Rdxf7+ 1-0

[Event "2nd Irena Warakomska Memorial-B"]
[Site "Suwalki"]
[Date "2018.08.01"]
[Round "1"]
[White "Kindler, Przemyslaw"]
[Black "Zolkiewski, Jakub"]
[Result "1-0"]
[ECO "C00"]
[WhiteElo "2086"]
[BlackElo "1894"]
[Annotator "NA"]
[PlyCount "56"]
[EventDate "2018.08.01"]
[EventType "swiss"]
[EventCountry "POL"]
[SourceTitle "playchess.com"]
[Source "ChessBase"]
[SourceQuality "1"]
[TimeControl "40/5400+30:1800+30"]

1. e4 e6 2. d3 d5 3. Nd2 Nf6 4. Ngf3 c5 5. g3 b6 6. c3 dxe4 7. dxe4 Bb7 8. Qc2 Nc6 9. Bg2 Be7 10. O-O Qc7 11. Re1 O-O 12. Nc4 Nd7 13. Bf4 e5 14. Bd2 Rfd8 15. Ne3 Nf6 16. Nf5 Ba6 17. N3h4 Ne8 18. Nxe7+ Nxe7 19. f4 Nc6 20. Nf5 Nd6 21. Rad1 Nxf5 22. exf5 Bd3 23. Qa4 b5 24. Qa3 Bxf5 25. Qxc5 Rac8 26. Be3 Rxd1 27. Rxd1 a6 28. Qxc6 Bc2 1-0

[Event "2nd Irena Warakomska Memorial-B"]
[Site "Suwalki"]
[Date "2018.08.01"]
[Round "1"]
[White "Kumanovskiy, Evgeny"]
[Black "Cap, Piotr"]
[Result "1/2-1/2"]
[ECO "A46"]
[WhiteElo "2084"]
[BlackElo "1877"]
[Annotator "NA RC"]
[PlyCount "98"]
[EventDate "2018.08.01"]
[EventType "swiss"]
[EventCountry "POL"]
[SourceTitle "playchess.com"]
[Source "ChessBase"]
[SourceQuality "1"]
[TimeControl "40/5400+30:1800+30"]

1. d4 Nf6 2. Nf3 d6 3. Bf4 g6 4. e3 Bg7 5. h3 O-O 6. Be2 b6 7. O-O c5 8. c3 Bb7 9. Nbd2 Re8 10. a4 Nc6 11. Nc4 d5 12. Nce5 Nxe5 13. Nxe5 c4 14. b3 cxb3 15. Bb5 Rf8 16. Qxb3 Ne4 17. Ra2 Rc8 18. Rc2 Nd6 19. Be2 Bxe5 20. Bxe5 Nc4 21. Bxc4 Rxc4 22. a5 Bc6 23. Ra1 bxa5 24. Qa3 a4 25. Rb1 Qd7 26. Rcb2 a6 27. Rb4 Rxb4 28. Qxb4 Bb5 29. e4 f6 30. Bg3 Bd3 31. Ra1 Bxe4 32. Rxa4 Bd3 33. Ra1 Qe6 34. c4 a5 35. Rxa5 Bxc4 36. Ra7 Re8 37. Rb7 Kf7 38. Rc7 Qe4 39. Qc5 g5 40. Ra7 h5 41. Bd6 Qe6 42. Qc7 h4 43. Bc5 Bd3 44. Kh2 Bf1 45. Kg1 Bd3 46. Kh2 Qe4 47. Qd6 Qe6 48. Qc7 Bf1 49. Kg1 $15 Bd3 1/2-1/2

[Event "2nd Irena Warakomska Memorial-B"]
[Site "Suwalki"]
[Date "2018.08.01"]
[Round "1"]
[White "Furtak, Joanna"]
[Black "Szewczyk, Mariusz"]
[Result "1/2-1/2"]
[ECO "C45"]
[WhiteElo "1899"]
[BlackElo "2094"]
[Annotator "NA RC"]
[PlyCount "158"]
[EventDate "2018.08.01"]
[EventType "swiss"]
[EventCountry "POL"]
[SourceTitle "playchess.com"]
[Source "ChessBase"]
[SourceQuality "1"]
[TimeControl "40/5400+30:1800+30"]

1. e4 {[%emt 0:00:00] Radjabov,T} e5 2. Nf3 Nc6 3. d4 exd4 4. Nxd4 Bc5 5. Nb3 Bb6 6. Qe2 {[%emt 0:02:12] C45: Scotch Game} Nge7 7. Nc3 O-O 8. Be3 d6 9. g3 $146 ({Predecessor:} 9. O-O-O f5 10. exf5 Bxf5 11. h3 Bd7 12. Qd2 Bxe3 13. Qxe3 Kh8 14. Bd3 Qe8 15. f4 {1-0 (31) Radjabov,T (2784)-Tomashevsky,E (2738) Moscow 2012 CBM 149 [Radjabov,T]}) 9... Ne5 10. h3 Be6 11. O-O-O Bc4 12. Qh5 Bxe3+ 13. fxe3 Bxf1 14. Rhxf1 Qe8 15. Nd5 Nxd5 16. exd5 Nc4 17. Rfe1 Qe5 18. Qxe5 Nxe5 19. Nd4 Rae8 20. e4 g6 21. g4 Re7 22. Re2 Rfe8 23. Rde1 h6 24. Kd1 a6 25. b3 Nd7 26. Nf3 Nf6 27. Nd2 Kg7 28. c4 b6 29. Re3 Re5 30. Kc2 h5 31. gxh5 Rxh5 32. Rg1 Rh4 33. Kd3 Nd7 34. Ke2 a5 35. Rg4 Rxg4 36. hxg4 Ne5 37. Rg3 Rh8 38. Nf3 Nxf3 39. Kxf3 Rh1 40. g5 Rb1 41. Kf4 a4 42. bxa4 Rb4 43. Ra3 Rxc4 44. a5 bxa5 45. Rxa5 f5 46. gxf6+ Kxf6 47. Ra8 g5+ 48. Ke3 Rc3+ 49. Kd4 Rc1 50. a4 Kg7 51. Ke3 Rc3+ 52. Kd2 Ra3 53. a5 g4 54. Ke2 Ra2+ 55. Kf1 Kf6 56. a6 Ke5 57. a7 Kd4 58. Kg1 Kc5 59. Kf1 g3 60. Kg1 Kb6 61. Rg8 Kxa7 62. Rxg3 Rc2 63. Rg2 Rc4 64. Re2 Kb6 65. Kf2 Kc5 66. Ke3 Rc3+ 67. Kf4 Rc1 68. Ke3 Kc4 69. Rd2 Re1+ 70. Re2 Rc1 71. Rd2 Rc3+ 72. Kf4 Rh3 73. Rc2+ Kd4 74. Rxc7 Rh4+ 75. Kf3 Rxe4 $11 76. Rc4+ Kxc4 77. Kxe4 Kc5 78. Ke3 Kxd5 79. Kd3 Ke5 1/2-1/2

[Event "2nd Irena Warakomska Memorial-B"]
[Site "Suwalki"]
[Date "2018.08.01"]
[Round "1"]
[White "Dryja, Szymon"]
[Black "Reshetniak, Vitaliy"]
[Result "0-1"]
[ECO "E14"]
[WhiteElo "1878"]
[BlackElo "2085"]
[Annotator "NA"]
[PlyCount "110"]
[EventDate "2018.08.01"]
[EventType "swiss"]
[EventCountry "POL"]
[SourceTitle "playchess.com"]
[Source "ChessBase"]
[SourceQuality "1"]
[TimeControl "40/5400+30:1800+30"]

1. Nf3 c5 2. b3 e6 3. Bb2 Nf6 4. e3 b6 5. d4 Bb7 6. Bd3 Be7 7. O-O O-O 8. c4 cxd4 9. Nxd4 d6 10. Nd2 Nbd7 11. Rc1 Re8 12. Bb1 a6 13. N2f3 Qc7 14. Qe2 Be4 15. Bxe4 Nxe4 16. Nd2 Nxd2 17. Qxd2 Rac8 18. e4 Qb7 19. Qe2 Nc5 20. Rce1 Bf6 21. f4 g6 22. e5 dxe5 23. fxe5 Bg7 24. Nf3 h6 25. Nd2 Red8 26. Rf3 Rd7 27. b4 Rcd8 28. Ne4 Nd3 29. Rxd3 Rxd3 30. Nd6 R3xd6 31. exd6 Bxb2 32. Qxb2 Rxd6 33. Qe5 Qd7 34. h3 Rd2 35. Rf1 Qd4+ 36. Qxd4 Rxd4 37. Rc1 Kf8 38. a3 Rd3 39. a4 Ke7 40. c5 bxc5 41. Rxc5 Rd4 42. Rc6 Rxb4 43. Rxa6 Rb2 44. Ra7+ Kf6 45. a5 Ra2 46. a6 h5 47. h4 e5 48. Ra8 Kf5 49. a7 Kf4 50. Kh2 e4 51. Kh3 Ra3+ 52. Kh2 Ra1 53. Re8 Rxa7 54. Kh3 Ra5 55. Kh2 e3 0-1

[Event "2nd Irena Warakomska Memorial-B"]
[Site "Suwalki"]
[Date "2018.08.01"]
[Round "1"]
[White "Duda, Lukasz"]
[Black "Sukhimski, Vladimir"]
[Result "0-1"]
[ECO "B08"]
[WhiteElo "1874"]
[BlackElo "2083"]
[Annotator "NA RC"]
[PlyCount "106"]
[EventDate "2018.08.01"]
[EventType "swiss"]
[EventCountry "POL"]
[SourceTitle "playchess.com"]
[Source "ChessBase"]
[SourceQuality "1"]
[TimeControl "40/5400+30:1800+30"]

1. e4 d6 2. d4 Nf6 3. Nc3 g6 4. Nf3 Bg7 5. h3 O-O 6. Be2 c6 7. a4 a5 8. Be3 Na6 9. O-O Nb4 10. Qc1 Re8 {[%emt 0:05:50] B08: Pirc-Ufimzew-Verteidigung} (10... Qc7 11. Bh6 e5 12. dxe5 dxe5 13. Bc4 Re8 14. Bxg7 Kxg7 15. Re1 Be6 16. Bxe6 Rxe6 17. Na2 Nxa2 18. Rxa2 Nd7 19. Ra3 {0-1 (58) Gao,R (2443)-Krasenkow,M (2636) Jakarta 2012}) 11. Bh6 $146 ({Vorgänger:} 11. Rd1 Qc7 12. Rd2 Bd7 13. Qf1 Rad8 14. Bg5 d5 15. exd5 Nbxd5 16. Bd3 Nb4 17. Bc4 Bf5 18. Qe2 {0-1 (34) Gebigke,M (2106)-Muse,D (2358) Berlin 2016}) 11... e5 12. Bxg7 Kxg7 13. dxe5 dxe5 14. Bc4 Qe7 15. Re1 h6 16. Qd2 Nh5 17. Ne2 Qf6 18. Nh2 Qh4 19. Ra3 Qxe4 20. Rc3 Nd5 21. Ng3 Nxg3 22. Rxe4 Nxe4 23. Qe1 Nexc3 24. bxc3 Bf5 25. Bxd5 cxd5 26. Qd2 Rad8 27. h4 d4 28. g4 Be4 29. h5 dxc3 30. Qxc3 Rd1+ 31. Nf1 gxh5 32. gxh5 Kh7 33. f3 Bc6 34. Kf2 Rd4 35. Ne3 Rf4 36. Qb3 Bxf3 37. Ke1 Rg8 38. Qd3+ Be4 39. Qd7 Rg1+ 40. Kd2 Rf2+ 41. Kc3 Rg3 42. Kc4 Rxe3 43. Kc5 Rc3+ 44. Kb6 Rf6+ 45. Ka7 Bf5 46. Qxb7 e4 47. Qe7 Kg7 48. Qe5 Rxc2 49. Qxa5 e3 50. Qe5 e2 51. a5 Bc8 52. Kb8 Ba6 53. Ka7 Rb2 0-1

[Event "2nd Irena Warakomska Memorial-B"]
[Site "Suwalki"]
[Date "2018.08.02"]
[Round "2"]
[White "Szewczyk, Mariusz"]
[Black "Shamatava, Nikolozi"]
[Result "0-1"]
[ECO "B42"]
[WhiteElo "2094"]
[BlackElo "1676"]
[Annotator "NA RC"]
[PlyCount "122"]
[EventDate "2018.08.01"]
[EventType "swiss"]
[EventCountry "POL"]
[TimeControl "40/5400+30:1800+30"]

1. e4 c5 2. Nf3 e6 3. d4 cxd4 4. Nxd4 a6 5. Bd3 Bc5 6. Nb3 Ba7 7. O-O Ne7 8. Nc3 O-O 9. e5 Nbc6 10. Bf4 Ng6 11. Bxg6 fxg6 12. Bg3 Rf5 13. Qe2 Nd4 14. Qe4 Nxb3 15. axb3 g5 16. Nd5 Rf7 17. Ne3 Rb8 18. Nc4 Bc5 19. Rad1 b5 20. Nd6 Bxd6 21. Rxd6 Bb7 22. Qe3 h6 23. f4 Qf8 24. Rf2 gxf4 25. Rxf4 Rc8 26. c3 b4 27. Rxf7 Qxf7 28. Qd3 bxc3 29. bxc3 Bc6 30. Qxa6 Rb8 31. Qa3 Qg6 32. Qb2 Bd5 33. c4 Bxc4 34. Rd1 Rxb3 35. Qd4 Bd5 36. Qf2 h5 37. Rc1 Kh7 38. Qc2 Rd3 39. Qe2 Rd4 40. Qc2 Re4 41. Rf1 h4 42. Bf4 Bc6 43. h3 Bb5 44. Rf2 Bc6 45. Qd2 Ra4 46. Be3 $11 Ra1+ 47. Rf1 Ra3 48. Rf2 Bb5 49. Bf4 Rxh3 50. Bg5 Qb1+ 51. Qc1 Qxc1+ 52. Bxc1 Rg3 53. Rf3 Rg4 54. Rf4 Rxf4 55. Bxf4 $11 Kg6 56. Bd2 Kf5 57. Bc3 g5 58. Kf2 g4 59. Ke3 g3 60. Bb4 Bc6 61. Be7 Kg4 0-1

[Event "2nd Irena Warakomska Memorial-B"]
[Site "Suwalki"]
[Date "2018.08.02"]
[Round "2"]
[White "Reshetniak, Vitaly"]
[Black "Rudzinska, Michalina"]
[Result "0-1"]
[ECO "A61"]
[WhiteElo "2085"]
[BlackElo "2003"]
[Annotator "NA"]
[PlyCount "118"]
[EventDate "2018.08.01"]
[EventType "swiss"]
[EventCountry "POL"]
[SourceTitle "playchess.com"]
[Source "ChessBase"]
[SourceQuality "1"]
[TimeControl "40/5400+30:1800+30"]

1. d4 Nf6 2. c4 e6 3. Nc3 c5 4. d5 exd5 5. cxd5 d6 6. Nf3 g6 7. Bf4 a6 8. a4 Bg7 9. h3 O-O 10. e3 Qe7 11. Nd2 Nbd7 12. Be2 Ne8 13. O-O Ne5 14. Re1 Rb8 15. Bh2 f5 16. Ra3 Nc7 17. a5 Bd7 18. Rb3 Kh8 19. Bc4 g5 20. f4 Nf7 21. e4 gxf4 22. exf5 Ne5 23. Bxf4 Rxf5 24. Bxe5 Rxe5 25. Nf3 Rxe1+ 26. Qxe1 Qf7 27. Qg3 Rg8 28. Qxd6 Qxf3 29. gxf3 Be5+ 30. Kf2 Bxd6 31. Ne4 Be5 32. Rxb7 Bb5 33. b3 Bxc4 34. bxc4 Rd8 35. Ke3 Ne8 36. Rb6 Nd6 37. Kd3 Nxe4 38. Kxe4 Re8 39. Rxa6 Bd4+ 40. Re6 Ra8 41. a6 Kg7 42. f4 Kf7 43. f5 h5 44. Kf4 h4 45. Kg5 Rg8+ 46. Rg6 Bf6+ 47. Kf4 Ra8 48. Rh6 Rxa6 49. Rh7+ Bg7 50. Rxh4 Ra3 51. Ke4 Rc3 52. Rg4 Rxc4+ 53. Kd3 Rxg4 54. hxg4 Kf6 55. d6 Ke5 56. d7 Bf6 57. Kc4 Kd6 58. Kb5 Bd8 59. Kc4 Ke5 {Kd4+} 0-1

[Event "2nd Irena Warakomska Memorial-B"]
[Site "Suwalki"]
[Date "2018.08.02"]
[Round "2"]
[White "Sukhimski, Vladimir"]
[Black "Sapeta, Robert"]
[Result "1-0"]
[ECO "A04"]
[WhiteElo "2083"]
[BlackElo "1960"]
[Annotator "NA"]
[PlyCount "125"]
[EventDate "2018.08.01"]
[EventType "swiss"]
[EventCountry "POL"]
[SourceTitle "playchess.com"]
[Source "ChessBase"]
[SourceQuality "1"]
[TimeControl "40/5400+30:1800+30"]

1. Nf3 d6 2. d3 e5 3. c4 f5 4. Nc3 Nf6 5. g3 g6 6. Bg2 Bg7 7. O-O O-O 8. Bd2 Qe7 9. b4 c6 10. b5 h6 11. bxc6 bxc6 12. Rb1 g5 13. Ne1 e4 14. dxe4 fxe4 15. Nc2 Na6 16. Nd4 c5 17. Ndb5 Bf5 18. Be3 Rfd8 19. Nd5 Qe5 20. Nxf6+ Bxf6 21. Qa4 Nb4 22. a3 Na2 23. Qc2 Nc3 24. Nxc3 Qxc3 25. Qxc3 Bxc3 26. Rb3 Be5 27. f4 gxf4 28. Bxf4 Bd4+ 29. e3 Bg7 30. Bxd6 Be6 31. Be7 Bxc4 32. Bxd8 Bxb3 33. Bf6 Bxf6 34. Rxf6 Rc8 35. Bxe4 c4 36. Bd5+ Kg7 37. Rf7+ Kg6 38. Rxa7 Kf5 39. Kf2 Ke5 40. Ra5 Kd6 41. Ke2 Ba2 42. Be4 Rb8 43. Bc2 Rb2 44. Kd1 Bb3 45. Bxb3 cxb3 46. Rb5 Rxh2 47. Rxb3 Kd5 48. Rb4 Ra2 49. a4 h5 50. Rd4+ Ke6 51. Rh4 Rg2 52. Rxh5 Rxg3 53. Kd2 Rg2+ 54. Kd3 Ra2 55. Ra5 Kd6 56. Ke4 Rh2 57. Rf5 Rh4+ 58. Rf4 Rh8 59. a5 Kc5 60. Rf5+ Kc4 61. a6 Re8+ 62. Kf4 Ra8 63. Rf6 1-0

[Event "2nd Irena Warakomska Memorial-B"]
[Site "Suwalki"]
[Date "2018.08.02"]
[Round "2"]
[White "Widla, Piotr"]
[Black "Krasiewicz, Robert"]
[Result "1/2-1/2"]
[ECO "B24"]
[WhiteElo "2071"]
[BlackElo "1923"]
[Annotator "NA RC"]
[PlyCount "85"]
[EventDate "2018.08.01"]
[EventType "swiss"]
[EventCountry "POL"]
[SourceTitle "playchess.com"]
[Source "ChessBase"]
[SourceQuality "1"]
[TimeControl "40/5400+30:1800+30"]

1. e4 g6 2. Nc3 Bg7 3. d3 c5 4. g3 Nc6 5. Bg2 e6 6. Be3 Nd4 7. Qd2 Ne7 8. Nce2 Nxe2 9. Nxe2 Qc7 10. c3 d5 11. Bh6 O-O 12. h4 f6 13. Bxg7 Kxg7 14. h5 g5 15. h6+ Kh8 16. f4 dxe4 17. fxg5 exd3 18. Qxd3 fxg5 19. O-O-O e5 20. Qe3 g4 21. Be4 Nf5 22. Rhf1 Qe7 23. Bxf5 Bxf5 24. Nf4 Rae8 25. Nd5 Qd6 26. c4 Qa6 27. Nc3 Qc6 28. Rd5 Kg8 29. Nb5 Re6 30. Qg5+ Rg6 31. Qe7 Qf6 32. Qxf6 Rgxf6 33. Rxe5 Bd3 34. Rxf6 Rxf6 35. Rxc5 a6 36. Nd4 Rxh6 37. Kd2 Be4 38. Rc8+ Kf7 39. Ke3 Bh1 40. Kf4 Rh2 41. Kxg4 Rxb2 42. Kg5 Be4 43. Rc7+ $11 1/2-1/2

[Event "2nd Irena Warakomska Memorial-B"]
[Site "Suwalki"]
[Date "2018.08.02"]
[Round "2"]
[White "Grabowski, Adam"]
[Black "Furtak, Joanna"]
[Result "1-0"]
[ECO "D05"]
[WhiteElo "2066"]
[BlackElo "1899"]
[Annotator "NA RC"]
[PlyCount "147"]
[EventDate "2018.08.01"]
[EventType "swiss"]
[EventCountry "POL"]
[SourceTitle "playchess.com"]
[Source "ChessBase"]
[SourceQuality "1"]
[TimeControl "40/5400+30:1800+30"]

1. Nf3 d5 2. d4 Nf6 3. c3 e6 4. e3 Be7 5. Bd3 O-O 6. Nbd2 b6 7. O-O Bb7 8. Re1 Nbd7 9. Qe2 c5 10. Nf1 Qc7 11. Ng3 Rfe8 12. Bd2 Bf8 13. e4 dxe4 14. Nxe4 Nxe4 15. Bxe4 Bxe4 16. Qxe4 Nf6 17. Qh4 cxd4 18. Nxd4 Rad8 19. Bg5 Be7 20. Re3 Nd5 21. Rg3 Bxg5 22. Qxg5 f6 23. Qg4 Qf7 24. Re1 f5 25. Qg5 Rd7 26. Nc6 Qf6 27. Qxf6 Nxf6 28. Rge3 Rd2 29. R3e2 Rxe2 30. Rxe2 a5 31. f3 Kf7 32. Kf2 Nd5 33. g3 Kf6 34. c4 Ne7 35. Nxe7 Rxe7 36. Rd2 e5 37. Rd5 Re6 38. a3 g5 39. Ke3 e4 40. b4 axb4 41. axb4 exf3+ 42. Kxf3 Rc6 43. Rd4 Re6 44. b5 h6 45. Rd8 Ke7 46. Rd3 Rd6 47. Ra3 Re6 48. Ra6 Kd7 49. h4 gxh4 50. gxh4 Kc7 51. Ra7+ Kd6 52. h5 Ke5 53. Rc7 Rd6 54. c5 bxc5 55. Rxc5+ Ke6 56. Ke3 Kd7 57. Kf4 Rd1 58. Kxf5 Rg1 59. Kf6 Kd6 60. Rc6+ Kd7 61. Rc5 Kd6 62. Rc8 Kd7 63. Rh8 Rg5 64. b6 Rb5 65. Rh7+ Kc8 66. b7+ Kb8 67. Kg6 Rb6+ 68. Kg7 Kxb7 69. Rxh6 Rb5 70. Rh8 Kc7 71. h6 Kd7 72. h7 Rh5 73. Ra8 Rg5+ 74. Kf6 1-0

[Event "2nd Irena Warakomska Memorial-B"]
[Site "Suwalki"]
[Date "2018.08.02"]
[Round "2"]
[White "Barchuk, Irina"]
[Black "Sapinski, Sebastian"]
[Result "1-0"]
[ECO "C11"]
[WhiteElo "2061"]
[BlackElo "1505"]
[Annotator "NA RC"]
[PlyCount "99"]
[EventDate "2018.08.01"]
[EventType "swiss"]
[EventCountry "POL"]
[SourceTitle "playchess.com"]
[Source "ChessBase"]
[SourceQuality "1"]
[TimeControl "40/5400+30:1800+30"]

1. e4 e6 2. d4 d5 3. Nc3 Nf6 4. e5 Nfd7 5. f4 c5 6. Nf3 Nc6 7. Be3 a6 8. Qd2 b5 9. Nd1 b4 10. Be2 Qb6 11. O-O cxd4 12. Nxd4 Nxd4 13. Bxd4 Qxd4+ 14. Qxd4 Bc5 15. Qf2 Bxf2+ 16. Nxf2 Bb7 17. Nd3 a5 18. a3 Rc8 19. Rfc1 Nc5 20. axb4 Nxd3 21. Bxd3 axb4 22. Ra4 b3 23. Rb4 Bc6 24. Rxb3 Ke7 25. Ra1 Rc7 26. Rc3 Rb8 27. Ra6 Kd7 28. b3 h6 29. Kf2 Rb4 30. g3 h5 31. Rc5 h4 32. Ke2 hxg3 33. hxg3 Rb8 34. Kd2 Rh8 35. Raxc6 Rxc6 36. Bb5 Rhc8 37. Kc3 R8c7 38. Kb4 Rc8 39. Rxc6 Rxc6 40. Ka5 f6 41. b4 fxe5 42. fxe5 d4 43. Bxc6+ Kxc6 44. b5+ Kb7 45. Kb4 Kb6 46. Kc4 g6 47. g4 g5 48. Kb4 Kb7 49. Kc5 Kc7 50. Kxd4 1-0

[Event "2nd Irena Warakomska Memorial-B"]
[Site "Suwalki"]
[Date "2018.08.02"]
[Round "2"]
[White "Hrymowicz, Artur"]
[Black "Paziak, Patryk"]
[Result "1-0"]
[ECO "B01"]
[WhiteElo "2038"]
[BlackElo "1823"]
[Annotator "NA RC"]
[PlyCount "77"]
[EventDate "2018.08.01"]
[EventType "swiss"]
[EventCountry "POL"]
[SourceTitle "playchess.com"]
[Source "ChessBase"]
[SourceQuality "1"]
[TimeControl "40/5400+30:1800+30"]

1. e4 d5 2. exd5 Qxd5 3. Nc3 Qa5 4. d4 Nf6 5. Nf3 Bf5 6. Bc4 e6 7. O-O c6 8. Qe2 Bd6 9. Nh4 Bg4 10. f3 Qh5 11. g3 Bh3 12. Ng2 Nbd7 13. Re1 O-O-O 14. Nf4 Bxf4 15. Bxf4 g5 16. Be5 Qg6 17. b4 Nxe5 18. dxe5 Nd5 19. Ne4 h5 20. a4 f5 21. exf6 Nxf6 22. Nf2 Bf5 23. Bxe6+ Bxe6 24. Qxe6+ Kb8 25. Ne4 Rhf8 26. b5 cxb5 27. axb5 Qg7 28. Qe5+ Qc7 29. Qxc7+ Kxc7 30. Nxg5 Kb6 31. Ne6 Kxb5 32. Nxf8 Rxf8 33. Rab1+ Kc6 34. Re7 Nd7 35. f4 a5 36. Re6+ Kc7 37. Rb5 a4 38. Rxh5 Nb6 39. Rc5+ 1-0

[Event "2nd Irena Warakomska Memorial-B"]
[Site "Suwalki"]
[Date "2018.08.02"]
[Round "2"]
[White "Koziej, Maciej"]
[Black "Milanowski, Jan"]
[Result "0-1"]
[ECO "B07"]
[WhiteElo "2027"]
[BlackElo "1774"]
[Annotator "NA RC"]
[PlyCount "72"]
[EventDate "2018.08.01"]
[EventType "swiss"]
[EventCountry "POL"]
[SourceTitle "playchess.com"]
[Source "ChessBase"]
[SourceQuality "1"]
[TimeControl "40/5400+30:1800+30"]

1. Nf3 Nf6 2. d4 d6 3. Nc3 c6 4. e4 Qa5 5. Bd2 Qc7 6. Bc4 Bg4 7. h3 Bxf3 8. Qxf3 e5 9. dxe5 dxe5 10. g4 h6 11. O-O-O b5 12. Bb3 a5 13. a4 b4 14. Ne2 Na6 15. Be3 Nc5 16. Bxc5 Bxc5 17. h4 Rd8 18. Qf5 Qe7 19. Rxd8+ Kxd8 20. g5 hxg5 21. Rd1+ Kc7 22. hxg5 Ne8 23. f4 Nd6 24. Qxe5 Qxe5 25. fxe5 Nxe4 26. Bxf7 Nxg5 27. Bg6 Rh2 28. Ng3 Be3+ 29. Kb1 Bf4 30. Nf5 Bxe5 31. Be8 Kb6 32. Rd7 b3 33. Ne3 bxc2+ 34. Nxc2 Nf3 35. Re7 Bf6 36. Re6 Rxc2 0-1

[Event "2nd Irena Warakomska Memorial-B"]
[Site "Suwalki"]
[Date "2018.08.02"]
[Round "2"]
[White "Rak, Tomasz"]
[Black "Szczotka, Klara"]
[Result "1-0"]
[ECO "D02"]
[WhiteElo "2007"]
[BlackElo "1483"]
[Annotator "NA RC"]
[PlyCount "127"]
[EventDate "2018.08.01"]
[EventType "swiss"]
[EventCountry "POL"]
[SourceTitle "playchess.com"]
[Source "ChessBase"]
[SourceQuality "1"]
[TimeControl "40/5400+30:1800+30"]

1. Nf3 Nf6 2. d4 d5 3. Bf4 g6 4. Nbd2 Bg7 5. h3 O-O 6. e3 b6 7. Bd3 Nbd7 8. O-O Bb7 9. Ne5 Nh5 10. Bh2 Nxe5 11. dxe5 Bh8 12. f4 Ng7 13. f5 Bc8 14. Qg4 c5 15. c3 gxf5 16. Bxf5 Bxf5 17. Rxf5 Qc8 18. Raf1 Qe6 19. e4 dxe4 20. Nxe4 h5 21. Qg5 Qg6 22. Qxg6 fxg6 23. Rxf8+ Rxf8 24. Rxf8+ Kxf8 25. Ng5 e6 26. g4 hxg4 27. hxg4 Ke7 28. Kf2 Ne8 29. c4 Nc7 30. Ne4 Na6 31. Nd6 Nb4 32. Ke3 Kd7 33. a3 Nc6 34. Ke4 Bg7 35. Bf4 a5 36. b3 Nd4 37. b4 axb4 38. axb4 Nb3 39. b5 Na5 40. Kd3 Nb3 41. Nf7 Ke7 42. Nd6 Kd7 43. Ne4 Nd4 44. Nf2 Ke7 45. Ke4 Ne2 46. Bg5+ Kf7 47. Bd8 Nc3+ 48. Kf4 Na4 49. Ne4 Ke8 50. Bf6 Bh6+ 51. Bg5 Bg7 52. Nd6+ Kd7 53. Ke4 Bf8 54. Nf7 Nb2 55. Nh8 Nxc4 56. Nxg6 Bg7 57. Bf6 Bxf6 58. exf6 Nd6+ 59. Kf4 Nf7 60. Ne5+ Ke8 61. Nc4 Kd7 62. g5 Nh8 63. Ne5+ Ke8 64. g6 1-0

[Event "2nd Irena Warakomska Memorial-B"]
[Site "Suwalki"]
[Date "2018.08.02"]
[Round "2"]
[White "Litner, Igor"]
[Black "Samborski, Henryk"]
[Result "1/2-1/2"]
[ECO "A46"]
[WhiteElo "1990"]
[BlackElo "2098"]
[Annotator "NA"]
[PlyCount "64"]
[EventDate "2018.08.01"]
[EventType "swiss"]
[EventCountry "POL"]
[SourceTitle "playchess.com"]
[Source "ChessBase"]
[SourceQuality "1"]
[TimeControl "40/5400+30:1800+30"]

1. d4 Nf6 2. Nf3 e6 3. g3 b6 4. Bg2 Bb7 5. O-O Be7 6. b3 O-O 7. Bb2 Ne4 8. Nfd2 f5 9. Nxe4 fxe4 10. e3 Qe8 11. c4 d5 12. Nc3 Na6 13. a3 Qg6 14. Rc1 Rf7 15. b4 c6 16. Qa4 Nc7 17. Qb3 h5 18. a4 h4 19. Ba3 hxg3 20. fxg3 Raf8 21. Ne2 Rxf1+ 22. Rxf1 Rxf1+ 23. Bxf1 Qf6 24. Bc1 g5 25. a5 Ba6 26. axb6 axb6 27. c5 Bc4 28. Qd1 bxc5 29. bxc5 Nb5 30. Bg2 Bd8 31. Bd2 Bc7 32. Nc3 Kg7 1/2-1/2

[Event "2nd Irena Warakomska Memorial-B"]
[Site "Suwalki"]
[Date "2018.08.02"]
[Round "2"]
[White "Bien, Janusz"]
[Black "Binkis, Evgeniya"]
[Result "1-0"]
[ECO "C56"]
[WhiteElo "1976"]
[BlackElo "1723"]
[Annotator "NA RC"]
[PlyCount "111"]
[EventDate "2018.08.01"]
[EventType "swiss"]
[EventCountry "POL"]
[SourceTitle "playchess.com"]
[Source "ChessBase"]
[SourceQuality "1"]
[TimeControl "40/5400+30:1800+30"]

1. e4 e5 2. d4 exd4 3. Nf3 Nc6 4. Bc4 Nf6 5. e5 d5 6. Bb5 Ne4 7. Nxd4 Bd7 8. Bxc6 bxc6 9. O-O Bc5 10. f3 Ng5 11. Be3 O-O 12. f4 Ne4 13. Nd2 Nxd2 14. Qxd2 Re8 15. Nb3 Bb6 16. Qc3 Bf5 17. Rae1 Qd7 18. Bc5 h6 19. a4 Rad8 20. Nd4 Be4 21. Re3 a5 22. Rg3 Rb8 23. b3 h5 24. h3 Rbc8 25. Kh2 Kh7 26. Rg5 g6 27. h4 f5 28. exf6 Qf7 29. f5 Rg8 30. Nxc6 Bxc5 31. Qxc5 gxf5 32. Ne7 Qxf6 33. Nxg8 Qe5+ 34. Kg1 Rxg8 35. Rxh5+ Kg6 36. Rg5+ Kf7 37. Rxg8 Kxg8 38. Qe3 Qg7 39. Rf2 Qg4 40. Qh6 Qd1+ 41. Kh2 Qd4 42. Qg5+ Kh8 43. Qd8+ Kh7 44. Qxc7+ Kg6 45. Qf4 Qc5 46. Qg3+ Kf7 47. h5 Qc6 48. c3 Qh6 49. Qg6+ Qxg6 50. hxg6+ Kxg6 51. Kg3 Kg5 52. Rb2 f4+ 53. Kf2 Kf5 54. b4 axb4 55. Rxb4 Ke5 56. a5 1-0

[Event "2nd Irena Warakomska Memorial-B"]
[Site "Suwalki"]
[Date "2018.08.02"]
[Round "2"]
[White "Salah, Nadezhda"]
[Black "Matuszczyk, Mateusz"]
[Result "0-1"]
[ECO "D73"]
[WhiteElo "1963"]
[BlackElo "1733"]
[Annotator "NA RC"]
[PlyCount "62"]
[EventDate "2018.08.01"]
[EventType "swiss"]
[EventCountry "POL"]
[SourceTitle "playchess.com"]
[Source "ChessBase"]
[SourceQuality "1"]
[TimeControl "40/5400+30:1800+30"]

1. d4 Nf6 2. Nf3 g6 3. g3 Bg7 4. Bg2 d5 5. c4 c5 6. O-O cxd4 7. Nxd4 e5 8. Nb5 a6 9. N5c3 d4 10. Nd5 Nxd5 11. Bxd5 Nd7 12. e3 Nb6 13. e4 Nxd5 14. cxd5 Bh3 15. Re1 h5 16. Nd2 h4 17. Qb3 hxg3 18. fxg3 b5 19. Nf3 O-O 20. Bd2 Bd7 21. Rf1 a5 22. Rf2 Qc7 23. Raf1 Qc4 24. Qd1 f5 25. Nh4 fxe4 26. Rxf8+ Rxf8 27. Rxf8+ Bxf8 28. Nxg6 Bg7 29. Qh5 Qc5 30. Bg5 Be8 31. Ne7+ Qxe7 0-1